 Dungeon Crawl Stone Soup version 0.17-a0-1863-g715b4b0 (webtiles) character file.

26386 Goblin1989 the Martial Artist (level 13, -1/73 HPs)
             Began as a Vine Stalker Monk on Sept 20, 2015.
             Was a High Priest of Dithmenos.
             Slain by Maud
             ... wielding a +4 long sword of flaming
              (20 damage)
             ... on level 11 of the Dungeon.
             The game lasted 01:16:28 (13902 turns).

Goblin1989 the Martial Artist (Vine Stalker Monk)  Turns: 13902, Time: 01:16:29

Health: -1/73      AC: 10    Str: 11    XL:     13   Next: 25%
Magic:  0/26       EV: 11    Int: 14    God:    Dithmenos [*****.]
Gold:   425        SH:  6    Dex: 21    Spells: 2 memorised, 8 levels left

rFire  + . .     SeeInvis .       - Unarmed
rCold  . . .     Clarity  .     e - +2 robe {MR+}
rNeg   . . .     SustAt   .     d - +0 buckler
rPois  .         Gourm    .     u - +3 helmet of Midnight {rF+ Str-3 Stlth+}
rElec  .         Spirit   +     f - +1 cloak {MR+}
rCorr  .         Warding  .     (no gloves)
rMut   .         Stasis   .     a - -1 pair of boots (curse)
MR     +++..                    (no amulet)
Stlth  +++++++++.               F - +3 ring of dexterity (curse)
                                w - ring of magical power

@: very slightly contaminated, wreathed by umbra, extremely resistant to hostile
enchantments, incredibly stealthy
A: fangs 3, regeneration 3, magic shield, antimagic bite, no device heal 3, rot
immunity
a: Shadow Step, Shadow Form, Renounce Religion


You were on level 11 of the Dungeon.
You worshipped Dithmenos.
Dithmenos was extremely pleased with you.
You were very hungry.

You visited 2 branches of the dungeon, and saw 15 of its levels.
You also visited: Sewer.

You collected 656 gold pieces.
You spent 231 gold pieces at shops.

Inventory:

Armour
 a - a cursed -1 pair of boots (worn)
 d - a +0 buckler (worn)
 e - a +2 robe of magic resistance (worn)
 f - a +1 cloak of magic resistance (worn)
 u - the +3 helmet of Midnight (worn) {rF+ Str-3 Stlth+}
   (You found it on level 4 of the Dungeon)

   It affects your strength (-3).
   It protects you from fire.
   It makes you more stealthy.
Jewellery
 w - a ring of magical power (left hand)
 F - a cursed +3 ring of dexterity (right hand)
Magical devices
 y - a wand of paralysis (17)
 D - a wand of polymorph (8)
 E - a wand of frost (27)
 H - a wand of digging (12)
Scrolls
 g - 10 scrolls of teleportation
 k - 10 scrolls of remove curse
 l - a scroll of magic mapping {unknown}
 o - 2 scrolls of amnesia
 p - 2 scrolls of fog
 v - 3 scrolls of fear
Potions
 c - 2 potions of haste
 h - a potion of magic
 m - 5 potions of curing
 z - a potion of berserk rage
 B - a potion of might
 C - a potion of ambrosia {unknown}
 K - a potion of brilliance {unknown}
Books
 q - a book of Party Tricks

   Spells                             Type                      Level
   a - Summon Butterflies             Summoning                    1
   b - Apportation                    Translocation                1
   c - Tukima's Dance                 Hexes                        3
   d - Alistair's Intoxication        Transmutation/Poison         4
   e - Invisibility                   Hexes                        6
 r - a book of the Sky

   Spells                             Type                      Level
   a - Summon Lightning Spire         Summoning/Air                4
   b - Airstrike                      Air                          4
   c - Silence                        Hexes/Air                    5
   d - Deflect Missiles               Charms/Air                   6
   e - Conjure Ball Lightning         Conjuration/Air              6
   f - Tornado                        Air                          9
Comestibles
 b - 15 bread rations
 j - 4 meat rations
 n - 45 fruits
 s - a slice of pizza
 J - a beef jerky


   Skills:
 + Level 10.8 Fighting
 + Level 5.3 Dodging
 - Level 9.8 Stealth
 - Level 4.1 Shields
 * Level 11.9 Unarmed Combat
 - Level 2.0 Spellcasting
 + Level 7.2 Summonings
 - Level 8.2 Air Magic
 - Level 1.3 Invocations


You had 8 spell levels left.
You knew the following spells:

 Your Spells              Type           Power        Failure   Level  Hunger
a - Summon Lightning Spi  Summ/Air       ###.....     12%         4    #####..
b - Airstrike             Air            ###.......   10%         4    #####..


Dungeon Overview and Level Annotations

Branches:
Dungeon (11/15)            Temple (0/1) D:7            Lair (4/8) D:8
 Shoals (0/4) Lair:3
  Snake: Lair:3-6    Spider: Lair:3-6       Orc: D:9-12

Altars:
Dithmenos
Elyvilon
Kikubaaqudgha
Makhleb
Nemelex Xobeh
Qazlal
Vehumet
Yredelemnul
Zin

Shops:
D:7 [(*(*   D:8 [   D:10 !

Annotations:
D:11 Maud
Lair:3 exclusion: hydra
Lair:4 exclusions: 4 death yaks and 1 more exclusion


Innate Abilities, Weirdness & Mutations

You have razor-sharp teeth.
You regenerate.
When hurt, damage is shared between your health and your magic reserves.
Your bite disrupts and absorbs the magic of your enemies.
Potions and wands cannot restore your health.
You are immune to rotting.


Message History

Your lightning spire shoots out a bolt of lightning at Maud!
The bolt of electricity hits Maud.
You hit Maud.
Maud is lightly wounded.
Maud hits you with a long sword of flaming!!
You emit a cloud of dark smoke.
Maud burns you. The troll completely misses you. The troll misses you.
The troll claws you but does no damage.
You barely miss Maud.
Maud is lightly wounded.
Your shadow hits Maud but does no damage.
Maud hits you with a long sword of flaming!!
Maud burns you. The troll closely misses you. The troll claws you.
* * * LOW HITPOINT WARNING * * *
The troll claws you but does no damage.
Your lightning spire shoots out a bolt of lightning at Maud!
The bolt of electricity hits Maud.
Maud hits you with a long sword of flaming!!
You die...

###
#..####+#####+
+.............
#...§§.§§.....
#...§§§§§.....
#@@§# #§T§#
8§§§...
.........#
..........#
...........+
............#
.............#


You could see Maud, a troll and a friendly lightning spire.

Vanquished Creatures
  Josephine (D:10)
  Urug (Lair:3)
  2 hill giants (D:10)
  Pikel (D:8)
  An ugly thing (D:10)
  A griffon (Lair:4)
  8 spiny frogs
  2 black mambas
  A gargoyle (D:10)
  3 komodo dragons
  4 blink frogs (Lair:2)
  A polar bear (Lair:2)
  Prince Ribbit (D:5)
  Sigmund (D:4)
  A wyvern (D:10)
  10 hippogriffs
  2 wraiths (D:10)
  Eustachio (D:5)
  A hungry ghost (D:7)
  20 yaks
  A basilisk (Lair:1)
  23 wolves
  7 porcupines
  Duvessa (D:4)
  3 sky beasts
  10 water moccasins
  3 ice beasts
  2 black bears
  9 ogres
  2 orc warriors
  4 phantoms
  11 crocodiles
  6 centaurs
  A necrophage (D:8)
  Blork the orc (D:4)
  Dowan (D:4)
  3 scorpions
  13 giant frogs
  2 wyvern skeletons
  A giant frog zombie (D:10)
  9 orc wizards
  A quasit (D:4)
  2 crimson imps
  A jelly (D:10)
  2 giant frog skeletons
  10 orc priests
  4 hounds
  Jessica (D:3)
  7 iguanas
  7 worker ants
  A killer bee zombie (D:9)
  3 hound zombies
  2 worker ant zombies
  4 gnolls (D:2)
  13 adders
  29 river rats
  2 shadow imps
  10 oozes
  An adder skeleton (D:4)
  An adder zombie (D:4)
  A worm (D:2)
  13 giant geckos
  30 orcs
  11 ball pythons
  9 giant cockroaches
  9 goblins
  15 hobgoblins
  5 jackals
  5 quokkas
  8 bats
  14 giant newts
  6 kobolds
  13 rats
416 creatures vanquished.

Vanquished Creatures (collateral kills)
  A tengu warrior (D:10)
  2 spiny frogs
  A queen bee (shapeshifter) (D:10)
  3 wraiths (D:10)
  A basilisk (Lair:3)
  2 yaks (D:10)
  An orc warrior (D:10)
  An ogre (D:10)
  3 river rats (Lair:1)
  3 orcs (D:10)
  A plant (Lair:4)
19 creatures vanquished.

Vanquished Creatures (others)
  A slave (D:8)
  A fungus (Lair:3)
2 creatures vanquished.

Grand Total: 437 creatures vanquished

Notes
Turn   | Place    | Note
--------------------------------------------------------------
     0 | D:1      | Goblin1989 the Vine Stalker Monk began the quest for the Orb.
     0 | D:1      | Reached XP level 1. HP: 11/11 MP: 2/2
   152 | D:1      | Reached XP level 2. HP: 16/16 MP: 3/3
   690 | D:2      | Reached skill level 5 in Unarmed Combat
   690 | D:2      | Reached XP level 3. HP: 9/19 MP: 0/4
   853 | D:2      | Reached XP level 4. HP: 18/23 MP: 3/5
  1023 | D:2      | Found a white marble altar of Elyvilon.
  1295 | D:3      | Reached skill level 6 in Unarmed Combat
  1299 | D:3      | Found a radiant altar of Vehumet.
  1342 | D:3      | Noticed Jessica
  1350 | D:3      | Killed Jessica
  1350 | D:3      | Reached XP level 5. HP: 27/27 MP: 6/6
  1365 | D:3      | Noticed an ogre
  1375 | D:3      | Killed an ogre
  1375 | D:3      | Reached skill level 7 in Unarmed Combat
  1417 | D:3      | Found a stormy altar of Qazlal.
  1427 | D:3      | Found a basalt altar of Yredelemnul.
  1456 | D:3      | Gained mutation: You heal very quickly. [Vine Stalker growth]
  1456 | D:3      | Reached XP level 6. HP: 28/32 MP: 5/7
  2052 | D:4      | Found a shadowy altar of Dithmenos.
  2063 | D:4      | Became a worshipper of Dithmenos the Shadowed
  2063 | D:4      | Acquired Dithmenos's first power
  2344 | D:4      | Reached skill level 1 in Invocations
  2354 | D:4      | Found an ancient bone altar of Kikubaaqudgha.
  2358 | D:4      | Noticed Blork the orc
  2366 | D:4      | Killed Blork the orc
  2366 | D:4      | Reached skill level 8 in Unarmed Combat
  2366 | D:4      | Reached XP level 7. HP: 22/35 MP: 8/8
  2533 | D:4      | Got a scorched helmet
  2539 | D:4      | Identified the +3 helmet of Midnight {rF+ Str-3 Stlth+} (You found it on level 4 of the Dungeon)
  2555 | D:4      | Noticed Sigmund
  2613 | D:4      | Killed Sigmund
  2751 | D:4      | Reached skill level 9 in Unarmed Combat
  2761 | D:4      | Gained mutation: You have razor-sharp teeth. [Vine Stalker growth]
  2761 | D:4      | Reached XP level 8. HP: 32/39 MP: 6/9
  2782 | D:4      | Noticed Duvessa
  2782 | D:4      | Noticed Dowan
  2804 | D:4      | Killed Duvessa
  2804 | D:4      | Reached skill level 5 in Stealth
  2814 | D:4      | Killed Dowan
  3142 | D:5      | Entered Level 5 of the Dungeon
  3302 | D:5      | Noticed Prince Ribbit
  3308 | D:5      | Killed Prince Ribbit
  3308 | D:5      | Reached skill level 10 in Unarmed Combat
  3556 | D:5      | Noticed Eustachio
  3578 | D:5      | Killed Eustachio
  4009 | D:6      | Reached XP level 9. HP: 45/45 MP: 10/10
  4135 | D:6      | Found a glowing drain.
  4139 | Sewer    | Entered a sewer
  4209 | Sewer    | Acquired Dithmenos's second power
  4558 | D:6      | Reached skill level 5 in Fighting
  4705 | D:6      | Acquired Dithmenos's third power
  4785 | D:6      | Found a burning altar of Makhleb.
  4983 | D:7      | Found Izikib's Armour Emporium.
  5023 | D:7      | Bought a +1 cloak of magic resistance for 231 gold pieces
  5213 | D:7      | Found a staircase to the Ecumenical Temple.
  5284 | D:7      | Found Pidamn's Weapon Shoppe.
  5343 | D:7      | Found Wosoj's General Store.
  5514 | D:7      | Reached skill level 1 in Shields
  5644 | D:7      | Reached XP level 10. HP: 46/55 MP: 9/11
  5669 | D:7      | Found Jaet's Weapon Boutique.
  5685 | D:7      | Found Onibox's Assorted Antiques.
  6181 | D:8      | Noticed Pikel
  6199 | D:8      | Killed Pikel
  6338 | D:8      | Found a staircase to the Lair.
  6410 | D:8      | Learned a level 4 spell: Summon Lightning Spire
  6627 | D:8      | Found Napt's Armour Shoppe.
  6734 | D:8      | Reached skill level 1 in Air Magic
  6896 | Lair:1   | Entered Level 1 of the Lair of Beasts
  6899 | Lair:1   | Reached skill level 1 in Summonings
  7109 | Lair:1   | Noticed a black mamba
  7131 | Lair:1   | Killed a black mamba
  7228 | Lair:1   | Reached XP level 11. HP: 58/62 MP: 9/12
  8235 | Lair:2   | Reached skill level 10 in Fighting
  8497 | Lair:2   | Acquired Dithmenos's fourth power
  8938 | Lair:3   | Noticed Urug
  8961 | Lair:3   | Killed Urug
  9151 | Lair:3   | Reached skill level 5 in Summonings
  9151 | Lair:3   | Reached skill level 5 in Air Magic
  9261 | Lair:3   | Learned a level 4 spell: Airstrike
  9273 | Lair:3   | Found a staircase to the Shoals.
  9639 | Lair:3   | Noticed a seven-headed hydra
  9709 | Lair:3   | Gained mutation: You regenerate. [Vine Stalker growth]
  9709 | Lair:3   | Reached XP level 12. HP: 58/67 MP: 13/13
  9726 | Lair:3   | HP: 3/67 [wolf (1)]
  9927 | Lair:4   | Noticed a death yak
  9927 | Lair:4   | Noticed a death yak
  9927 | Lair:4   | Noticed a death yak
 10408 | D:9      | Found a sparkling altar of Nemelex Xobeh.
 10755 | D:10     | Entered Level 10 of the Dungeon
 10807 | D:10     | Noticed Josephine
 10884 | D:10     | Killed Josephine
 11178 | D:10     | Found Yfaontat's Distillery.
 11364 | D:10     | Found a glowing silver altar of Zin.
 11696 | D:10     | Noticed a tengu warrior
 11709 | D:10     | Killed a tengu warrior
 11879 | D:11     | Noticed Maud
 12088 | Lair:1   | Reached skill level 11 in Unarmed Combat
 12643 | Lair:2   | Reached skill level 1 in Spellcasting
 13036 | Lair:3   | Reached XP level 13. HP: 61/72 MP: 16/16
 13249 | Lair:4   | Noticed a death yak
 13279 | Lair:4   | Reached skill level 5 in Dodging
 13346 | Lair:4   | Noticed a death yak
 13639 | Lair:4   | Noticed an eight-headed hydra
 13902 | D:11     | Slain by Maud

Vault maps used:
D:1:      dpeg_arrival_rhombus, minmay_misc_feat_chi, minmay_misc_feat_five
D:2:      lemuel_doored_altar
D:3:      vehumet_crystals, amethyst_overflow_temple_binary, first_bread,
          uniq_jessica
D:4:      nicolae_overflow_crystal_walls, grunt_dithmenos_smoke, uniq_duvessa,
          uniq_sigmund, uniq_blork_the_orc
D:5:      uniq_eustachio, uniq_prince_ribbit1
D:6:      makhleb_heckhound_becter, gup_sewer_entry_spiral
D:7:      minmay_temple_entry_hall, serial_shops, kennysheep_mini_moat,
          nicolae_shop_trees, shop, kennysheep_mini, shop
D:8:      lair_0_dummy, serial_shops, nicolae_shop_competitors_out_of_business,
          uniq_pikel
D:9:      nemelex_deck
D:10:     minmay_distorted_concentric_squares, serial_shops,
          nicolae_shop_statue_plus, basic_altar, grunt_tengu_nest,
          uniq_josephine
D:11:     david_orc_3, st_stairs_9, onia_ninara_dug_in_and_dangerous, uniq_maud
Lair:2:   forest_entry_grove, lemuel_fruit_fields, serial_bayou_shore_b,
          infiniplex_staircase_pool_2
Lair:3:   elwin_shoals_entry_rocks, uniq_urug
Sewer:    sewer_frog_island_02

Action                   |  1- 3 |  4- 6 |  7- 9 | 10-12 | 13-15 || total
-------------------------+-------+-------+-------+-------+-------++-------
Melee: Unarmed           |    84 |   150 |   429 |   986 |   140 ||  1789
 Cast: Summon Lightning  |       |       |       |    10 |     6 ||    16
       Airstrike         |       |       |       |     1 |       ||     1
  Use: Potion            |       |       |    11 |     3 |       ||    14
       Scroll            |       |       |    12 |     3 |     2 ||    17
 Stab: Sleeping          |     1 |    11 |    39 |    61 |     3 ||   115
       Distracted        |       |     1 |     2 |     6 |       ||     9
       Invisible         |       |       |       |     9 |       ||     9
  Eat: Chunk             |       |     5 |     9 |    22 |     4 ||    40
       Pizza             |       |       |     2 |     1 |       ||     3
       Beef jerky        |       |       |     1 |     3 |       ||     4
